[Event "ICC tourney 2332 (75 10)"]
[Site "Internet Chess Club"]
[Date "2021.01.24"]
[Round "5"]
[White "Theutltl"]
[Black "uzkuzk"]
[Result "0-1"]
[ICCResult "White resigns"]
[WhiteElo "1468"]
[BlackElo "1824"]
[Opening "Giuoco Piano"]
[ECO "C54"]
[NIC "IG.02"]
[Time "16:32:56"]
[PlyCount "100"]
[TimeControl "4500+10"]

1. e4 e5 2. Nf3 Nc6 3. Bc4 Bc5 4. c3 Nf6 5. d3 d6 6. b4 Bb6 7. a4 a5 8. b5
Ne7 9. O-O O-O 10. h3 Ng6 11. Nbd2 Re8 12. Re1 Nh5 13. Nf1 Nhf4 14. Ng3 Be6
15. Bxe6 fxe6 16. Be3 Qf6 17. Bxb6 cxb6 18. Re3 Rf8 19. Ra2 Rf7 20. Nh2
Raf8 21. Nh5 Qg5 22. Nxf4 exf4 23. Nf3 Qh5 24. Re1 e5 25. d4 Rf6 26. dxe5
dxe5 27. Qd5+ Kh8 28. Rd2 Nh4 29. Qd3 g5 30. Nxh4 Qxh4 31. Qf3 h5 32. Red1
g4 33. hxg4 hxg4 34. g3 Qg5 35. gxf4 exf4 36. Qg2 f3 37. Qg3 Rh6 38. Rd5
Qg7 39. Rd8 Rh3 40. Rxf8+ Qxf8 41. Qxg4 Rh7 42. Rd7 Rxd7 43. Qxd7 Qg8+ 44.
Kf1 Qc4+ 45. Kg1 Qg8+ 46. Kf1 Qg2+ 47. Ke1 Qg1+ 48. Kd2 Qxf2+ 49. Kd3 Qe2+
50. Kd4 Qd1+ { White resigns } 0-1

[Event "ICC tourney 2332 (75 10)"]
[Site "Internet Chess Club"]
[Date "2021.01.24"]
[Round "5"]
[White "wahoo"]
[Black "xyzchessdude"]
[Result "0-1"]
[ICCResult "White checkmated"]
[WhiteElo "1645"]
[BlackElo "1960"]
[Opening "Sicilian"]
[ECO "B56"]
[NIC "SI.25"]
[Time "16:32:58"]
[PlyCount "110"]
[TimeControl "4500+10"]

1. e4 c5 2. Nf3 Nc6 3. d4 cxd4 4. Nxd4 Nf6 5. Nc3 d6 6. Be3 Ng4 7. Bg5 h6
8. Nxc6 bxc6 9. Bf4 g5 10. Bg3 Bg7 11. Be2 h5 12. Bxg4 Bxg4 13. f3 Be6 14.
Qd2 Qa5 15. Bf2 Bxc3 16. Qxc3 Qxc3+ 17. bxc3 Kd7 18. Kd2 c5 19. e5 Kc6 20.
exd6 exd6 21. Be3 g4 22. fxg4 hxg4 23. Bf4 Rh5 24. Rhd1 Rd5+ 25. Ke2 Rd8
26. a4 Rf5 27. g3 Bc4+ 28. Kf2 Rh5 29. Kg1 Rhh8 30. Re1 Be6 31. Rad1 Rd7
32. Rb1 d5 33. Rb5 a6 34. Rb2 d4 35. cxd4 cxd4 36. a5 Rb7 37. Rxb7 Kxb7 38.
Rb1+ Kc6 39. Rb6+ Kd5 40. Rxa6 Rc8 41. Rd6+ Ke4 42. a6 Rxc2 43. Rb6 Ra2 44.
Kf1 Bc4+ 45. Kg1 Kf3 46. Rb1 Bxa6 47. Rd1 Rg2+ 48. Kh1 Re2 49. Rf1+ Rf2 50.
Rd1 Rf1+ 51. Rxf1+ Bxf1 52. Kg1 Bh3 53. Kh1 Kf2 54. Be3+ Kf1 55. Bxd4 Bg2#
{ White checkmated } 0-1

[Event "ICC tourney 2332 (75 10)"]
[Site "Internet Chess Club"]
[Date "2021.01.24"]
[Round "5"]
[White "chessboy2020"]
[Black "JudeNYC"]
[Result "1-0"]
[ICCResult "Black checkmated"]
[WhiteElo "1679"]
[BlackElo "1622"]
[Opening "Caro-Kann: Tartakower (Nimzovich) variation"]
[ECO "B15"]
[NIC "CK.06"]
[Time "16:33:25"]
[PlyCount "119"]
[TimeControl "4500+10"]

1. e4 c6 2. d4 d5 3. Nd2 dxe4 4. Nxe4 Nf6 5. Nxf6+ exf6 6. Nf3 Bd6 7. Bd3
Be6 8. Be3 O-O 9. O-O Re8 10. c4 Nd7 11. h3 Nf8 12. Qb3 Qd7 13. Rfe1 Bxh3
14. gxh3 Qxh3 15. Qd1 Ng6 16. Bf1 Qg4+ 17. Bg2 Bf4 18. Nh2 Qg5 19. Bxf4
Qxf4 20. Nf3 Qg4 21. Rxe8+ Rxe8 22. Nh2 Qg5 23. Qg4 Qd2 24. b3 Nf4 25. Nf3
Ne2+ 26. Kh2 Qh6+ 27. Bh3 Nf4 28. Re1 Rf8 29. Re4 Nxh3 30. Qxh3 Qxh3+ 31.
Kxh3 Rb8 32. d5 cxd5 33. cxd5 Kf8 34. d6 Rd8 35. Rd4 Ke8 36. Nd2 Kd7 37. a4
Ke6 38. Nc4 b6 39. Kg4 g6 40. Re4+ Kd5 41. Re7 h5+ 42. Kg3 g5 43. Rxf7 h4+
44. Kh3 Ke6 45. Rxa7 Kf5 46. f3 Kf4 47. Rf7 f5 48. d7 g4+ 49. fxg4 Rh8 50.
Rxf5+ Ke4 51. Re5+ Kd4 52. Re8 Rxe8 53. dxe8=Q b5 54. axb5 Kc3 55. b6 Kxb3
56. Qb5+ Kc3 57. b7 Kd4 58. b8=Q Kd3 59. Qd6+ Kc2 60. Qd2# { Black
checkmated } 1-0

[Event "ICC tourney 2332 (75 10)"]
[Site "Internet Chess Club"]
[Date "2021.01.24"]
[Round "5"]
[White "blueocean07"]
[Black "Nacaroa-Dan"]
[Result "1-0"]
[ICCResult "Black resigns"]
[WhiteElo "1605"]
[BlackElo "1677"]
[Opening "Dutch with c4 & Nc3"]
[ECO "A85"]
[NIC "HD.05"]
[Time "16:33:08"]
[PlyCount "129"]
[TimeControl "4500+10"]

1. d4 f5 2. c4 Nf6 3. Nc3 e6 4. Nf3 Bb4 5. Bf4 Bxc3+ 6. bxc3 O-O 7. e3 b6
8. Be2 Bb7 9. O-O Ne4 10. Qc2 d6 11. Nd2 Nd7 12. f3 Nxd2 13. Qxd2 e5 14.
Bg3 Qe7 15. Rab1 Rae8 16. Rfe1 exd4 17. exd4 Qf6 18. c5 f4 19. Bf2 dxc5 20.
dxc5 Rd8 21. Bd4 Nxc5 22. Bc4+ Kh8 23. Qf2 Qc6 24. Bxc5 bxc5 25. Re5 Ba8
26. Rxc5 Qd6 27. Rcb5 a6 28. Ra5 Qg6 29. Re1 Rd6 30. Rc5 Rc6 31. Rxc6 Qxc6
32. Qe2 Qc5+ 33. Kh1 Bd5 34. Bxd5 Qxd5 35. Qe7 Kg8 36. Qxc7 Qxa2 37. h3 Qf7
38. Re7 Qf6 39. Qc4+ Kh8 40. Re6 Qg5 41. Qxa6 Rd8 42. Qe2 h6 43. c4 Rf8 44.
Re5 Qd8 45. c5 Qc7 46. Qe4 Kg8 47. c6 Rf6 48. Re6 Kf7 49. Rxf6+ Kxf6 50.
Kh2 Qd6 51. Qc2 Qc7 52. Qb2+ Ke6 53. Qb7 Kd6 54. Qxc7+ Kxc7 55. h4 Kxc6 56.
Kh3 Kd5 57. Kg4 Ke5 58. h5 Ke6 59. Kxf4 Kf6 60. g4 g6 61. hxg6 Kxg6 62. Ke5
Kg5 63. f4+ Kxg4 64. f5 Kg5 65. Ke6 { Black resigns } 1-0

[Event "ICC tourney 2332 (75 10)"]
[Site "Internet Chess Club"]
[Date "2021.01.24"]
[Round "5"]
[White "Davide25"]
[Black "AJ2000"]
[Result "0-1"]
[ICCResult "White resigns"]
[WhiteElo "1539"]
[BlackElo "1646"]
[Opening "Grünfeld: 5.e3"]
[ECO "D94"]
[NIC "GI.09"]
[Time "16:33:15"]
[PlyCount "89"]
[TimeControl "4500+10"]

1. d4 Nf6 2. c4 g6 3. Nc3 d5 4. e3 Bg7 5. Nf3 O-O 6. Be2 c5 7. cxd5 Nxd5 8.
O-O Nc6 9. Nxd5 Qxd5 10. dxc5 Qxc5 11. Qb3 e5 12. Rd1 a5 13. Qb5 Qxb5 14.
Bxb5 Be6 15. Bd2 e4 16. Bxc6 bxc6 17. Nd4 Bxd4 18. exd4 Rab8 19. Bc3 a4 20.
a3 Bd5 21. Bb4 Rfe8 22. Re1 Re6 23. Rac1 Rbe8 24. Bd2 Rb8 25. Bb4 f5 26.
Rc2 f4 27. Rce2 Rbe8 28. g3 g5 29. h4 h6 30. gxf4 gxf4 31. Kh2 Kf7 32. Rg1
Rg6 33. Rxg6 Kxg6 34. Bd2 Kf5 35. Kh3 h5 36. Bc1 Rb8 37. Rc2 Rg8 38. Re2
Rg1 39. Bd2 Rd1 40. Bc3 Rd3+ 41. Kh2 Kg4 42. Rd2 Rh3+ 43. Kg1 Rxh4 44. f3+
exf3 45. Bb4 { White resigns } 0-1

[Event "ICC tourney 2332 (75 10)"]
[Site "Internet Chess Club"]
[Date "2021.01.24"]
[Round "5"]
[White "bg26723"]
[Black "yanje03"]
[Result "0-1"]
[ICCResult "White resigns"]
[WhiteElo "1917"]
[BlackElo "1508"]
[Opening "Sicilian defense"]
[ECO "B40"]
[NIC "SI.43"]
[Time "16:32:56"]
[PlyCount "76"]
[TimeControl "4500+10"]

1. e4 c5 2. Nf3 e6 3. d3 Nc6 4. g3 g6 5. Bg2 Bg7 6. O-O Nge7 7. Re1 d5 8.
e5 O-O 9. Bf4 Nf5 10. Nbd2 h6 11. h4 Qc7 12. Nf1 b6 13. N1h2 Bb7 14. Qd2
Kh7 15. Ng4 Qe7 16. c3 d4 17. c4 a6 18. a4 Nb4 19. Kh2 Bc6 20. Rh1 Rh8 21.
Kg1 Kg8 22. h5 g5 23. Nxg5 hxg5 24. Bxg5 Qb7 25. Bxc6 Qxc6 26. h6 Qf3 27.
Nf6+ Bxf6 28. Bxf6 Rh7 29. Qg5+ Kf8 30. g4 Nxd3 31. Rf1 Ng3 32. Qg7+ Ke8
33. Rh3 Rxg7 34. hxg7 Ne2+ 35. Kh2 Qf4+ 36. Kh1 Kd7 37. Rh8 Qf3+ 38. Kh2
Ndf4 { White resigns } 0-1

[Event "ICC tourney 2332 (75 10)"]
[Site "Internet Chess Club"]
[Date "2021.01.24"]
[Round "5"]
[White "MariusC"]
[Black "Ajcanalie"]
[Result "1-0"]
[ICCResult "Black resigns"]
[WhiteElo "1763"]
[BlackElo "1738"]
[Opening "Four knights: Italian variation"]
[ECO "C55"]
[NIC "IG.01"]
[Time "16:33:02"]
[PlyCount "71"]
[TimeControl "4500+10"]

1. e4 e5 2. Nf3 Nc6 3. Bc4 Nf6 4. Nc3 Nxe4 5. Nxe4 d5 6. Bd3 dxe4 7. Bxe4
Bd6 8. O-O O-O 9. Re1 Re8 10. c3 Ne7 11. d4 exd4 12. Qxd4 Nc6 13. Qa4 Bd7
14. Qc2 h6 15. Be3 Qf6 16. Rad1 Rad8 17. h3 Re7 18. Nd2 Rde8 19. f3 Qe5 20.
Nf1 Qh5 21. Bf2 Bxh3 22. gxh3 Re5 23. Kg2 Rg5+ 24. Ng3 Rf8 25. Bxc6 Qh4 26.
Bd7 f5 27. Qb3+ Kh8 28. f4 Bxf4 29. Rd3 Bxg3 30. Rxg3 f4 31. Rxg5 f3+ 32.
Kf1 Qxg5 33. Bg4 h5 34. Qb4 Rf6 35. Re8+ Kh7 36. Qe4+ { Black resigns } 1-0

[Event "ICC tourney 2332 (75 10)"]
[Site "Internet Chess Club"]
[Date "2021.01.24"]
[Round "5"]
[White "Ako-Ako"]
[Black "karuto2006"]
[Result "1-0"]
[ICCResult "Black resigns"]
[WhiteElo "1980"]
[BlackElo "1760"]
[Opening "Giuoco Piano"]
[ECO "C54"]
[NIC "IG.02"]
[Time "16:33:02"]
[PlyCount "75"]
[TimeControl "4500+10"]

1. e4 e5 2. Nf3 Nc6 3. Bc4 Bc5 4. c3 Nf6 5. d3 d6 6. a4 a5 7. h3 O-O 8. O-O
h6 9. Nbd2 Be6 10. Bb5 Ne7 11. d4 exd4 12. cxd4 Bb4 13. Bd3 Ng6 14. Nb3 Re8
15. Be3 Bxb3 16. Qxb3 Nxe4 17. Ne5 dxe5 18. Bxe4 Qf6 19. d5 Rad8 20. Rac1
Rd7 21. Bc5 Nf4 22. Qf3 Bxc5 23. Rxc5 Qa6 24. Rb5 Rd6 25. Qg4 g6 26. Re1 h5
27. Qf3 f5 28. Bb1 Rb6 29. d6 Rxb5 30. axb5 Qxd6 31. Qxb7 Ne2+ 32. Rxe2
Qd1+ 33. Kh2 Qxe2 34. Qc6 Qxb2 35. Qxe8+ Kh7 36. Qf7+ Kh6 37. Qf8+ Kg5 38.
h4+ { Black resigns } 1-0

[Event "ICC tourney 2332 (75 10)"]
[Site "Internet Chess Club"]
[Date "2021.01.24"]
[Round "5"]
[White "Pugnacious"]
[Black "QueensRule"]
[Result "1-0"]
[ICCResult "Black resigns"]
[WhiteElo "1760"]
[BlackElo "1628"]
[Opening "French: Albin-Alekhine-Châtard attack"]
[ECO "C13"]
[NIC "FR.06"]
[Time "16:33:16"]
[PlyCount "76"]
[TimeControl "4500+10"]

1. e4 e6 2. d4 d5 3. Nc3 Nf6 4. Bg5 Be7 5. e5 Nfd7 6. h4 Bxg5 7. hxg5 Qxg5
8. Nh3 Qe7 9. Nf4 a6 10. Qg4 g6 11. O-O-O c5 12. Ncxd5 exd5 13. Nxd5 Qd8
14. e6 Nf8 15. exf7+ Kxf7 16. Qf4+ Kg7 17. Qe5+ Kf7 18. Qxh8 Qxd5 19. Rxh7+
Nxh7 20. Qxh7+ Kf8 21. dxc5 Qg5+ 22. Kb1 Qf6 23. Bc4 Nc6 24. Qg8+ Ke7 25.
Re1+ Kd7 26. Qh7+ Kd8 27. Rd1+ Ke8 28. Rd6 Qxf2 29. Qxg6+ Ke7 30. Qg7+ Ke8
31. a3 Qe1+ 32. Ka2 Qf2 33. Rh6 Ne7 34. Qe5 Qd2 35. Rh8+ Kd7 36. Qe6+ Kc7
37. Qxe7+ Kb8 38. Qd6+ Ka7 { Black resigns } 1-0

[Event "ICC tourney 2332 (75 10)"]
[Site "Internet Chess Club"]
[Date "2021.01.24"]
[Round "5"]
[White "landonp"]
[Black "TheDude865"]
[Result "0-1"]
[ICCResult "White resigns"]
[WhiteElo "1472"]
[BlackElo "1531"]
[Opening "Ruy Lopez: closed, Flohr-Zaitsev system (Lenzerheide variation)"]
[ECO "C92"]
[NIC "RL.26"]
[Time "16:32:56"]
[PlyCount "120"]
[TimeControl "4500+10"]

1. e4 e5 2. Nf3 Nc6 3. Bb5 a6 4. Ba4 Nf6 5. O-O Be7 6. Re1 b5 7. Bb3 d6 8.
c3 O-O 9. h3 Bb7 10. d4 Re8 11. Nbd2 Bf8 12. Bc2 g6 13. Nf1 exd4 14. cxd4
Nb4 15. Ng3 Nxc2 16. Qxc2 Bg7 17. Bg5 h6 18. Bf4 Re7 19. d5 Nd7 20. Qc1 Kh7
21. Bd2 Nc5 22. Qc2 Qe8 23. Re2 Bxd5 24. Bxh6 Bc4 25. Bxg7 Bxe2 26. Bf6
Bxf3 27. Bxe7 Bxe4 28. Nxe4 Qxe7 29. Ng3 Qe5 30. Rc1 Rc8 31. b4 Na4 32. Qc6
Nb6 33. Qb7 d5 34. Qxa6 d4 35. Qa3 Nc4 36. Qf3 Kg7 37. Rd1 Rd8 38. Qe2 Qxe2
39. Nxe2 d3 40. Nc1 Nb2 41. Rd2 Rd4 42. f3 Rxb4 43. Nxd3 Nxd3 44. Rxd3 Rb1+
45. Kf2 Rb2+ 46. Kg3 Rxa2 47. Rc3 Ra7 48. Rc5 Rb7 49. Kf2 b4 50. Rc1 Kf6
51. Ke3 Ke5 52. Kd3 Kd5 53. Kc2 c5 54. Rb1 c4 55. Kc1 Kd4 56. Kd2 b3 57. g4
c3+ 58. Kc1 Kd3 59. h4 b2+ 60. Kd1 c2+ { White resigns } 0-1

[Event "ICC tourney 2332 (75 10)"]
[Site "Internet Chess Club"]
[Date "2021.01.24"]
[Round "5"]
[White "AbleCompany"]
[Black "Ethan719"]
[Result "1-0"]
[ICCResult "Black checkmated"]
[WhiteElo "1568"]
[BlackElo "1826"]
[Opening "Nimzo-Indian: 4.e3, main line with ...c5"]
[ECO "E53"]
[NIC "NI.04"]
[Time "16:33:08"]
[PlyCount "127"]
[TimeControl "4500+10"]

1. d4 Nf6 2. c4 e6 3. Nc3 Bb4 4. e3 O-O 5. Bd3 d5 6. Nf3 c5 7. O-O cxd4 8.
exd4 dxc4 9. Bxc4 b6 10. Bg5 Bb7 11. Rc1 Be7 12. Re1 h6 13. Bh4 g5 14. Bg3
Nd5 15. Ne5 Nxc3 16. Rxc3 Bb4 17. Nxf7 Rxf7 18. Bxe6 Qf6 19. Bxf7+ Qxf7 20.
Rc7 Qd5 21. Re8+ Bf8 22. Qb3 Qxb3 23. axb3 Nc6 24. Rxa8 Bxa8 25. d5 Nd4 26.
d6 Ne2+ 27. Kf1 Nxg3+ 28. hxg3 Bd5 29. d7 Be7 30. Rc8+ Kf7 31. d8=Q Bxd8
32. Rxd8 Be6 33. Ke2 a6 34. b4 Bc4+ 35. Ke3 Ke7 36. Rh8 Bd5 37. Rxh6 Bxg2
38. Rxb6 Kd7 39. Rxa6 Kc7 40. Rg6 Kb7 41. Rxg5 Bc6 42. f4 Kc7 43. b5 Bb7
44. Rg6 Bc8 45. b6+ Kb8 46. Rg8 Kb7 47. Rxc8 Kxc8 48. Ke4 Kb7 49. Ke5 Kxb6
50. Ke6 Kc7 51. Ke7 Kc6 52. f5 Kd5 53. f6 Ke4 54. f7 Kf3 55. f8=Q+ Kxg3 56.
b3 Kg4 57. b4 Kg3 58. b5 Kg4 59. b6 Kg3 60. b7 Kg4 61. Qf6 Kh3 62. b8=Q Kg4
63. Qg8+ Kh5 64. Qfh8# { Black checkmated } 1-0

[Event "ICC tourney 2332 (75 10)"]
[Site "Internet Chess Club"]
[Date "2021.01.24"]
[Round "5"]
[White "doudou2011"]
[Black "MChessy"]
[Result "1/2-1/2"]
[ICCResult "Game drawn by repetition"]
[WhiteElo "1438"]
[BlackElo "1900"]
[Opening "Queen's pawn game"]
[ECO "A46"]
[NIC "QP.06"]
[Time "16:33:02"]
[PlyCount "98"]
[TimeControl "4500+10"]

1. d4 Nf6 2. Nf3 e6 3. g3 d5 4. Bg2 Bd6 5. O-O Nbd7 6. c4 c6 7. Nbd2 O-O 8.
b3 Re8 9. Bb2 b6 10. Rc1 Bb7 11. e3 Qb8 12. Qc2 e5 13. dxe5 Nxe5 14. Nd4 c5
15. Nb5 a6 16. Nxd6 Qxd6 17. cxd5 Bxd5 18. e4 Bc6 19. f4 Neg4 20. e5 Qd7
21. Bxc6 Qxc6 22. Qc3 Rad8 23. h3 Ne4 24. Nxe4 Qxe4 25. hxg4 Rd3 26. Qe1
Re3 27. Qf2 Re2 28. Rce1 Rxf2 29. Rxe4 Rxb2 30. Ra4 a5 31. Rd1 f6 32. Re4
fxe5 33. fxe5 Rxa2 34. e6 a4 35. bxa4 b5 36. axb5 Rb2 37. e7 Rxb5 38. Rd5
Rb7 39. Rde5 c4 40. Rxc4 Rbxe7 41. Rxe7 Rxe7 42. Kf2 Kf7 43. Kf3 Kg6 44.
Rc6+ Kf7 45. Kf4 Re6 46. Rc7+ Re7 47. Rc6 Re6 48. Rc7+ Re7 49. Rc6 Re6 {
Game drawn by repetition } 1/2-1/2

[Event "ICC tourney 2332 (75 10)"]
[Site "Internet Chess Club"]
[Date "2021.01.24"]
[Round "5"]
[White "vober6"]
[Black "ctforce3"]
[Result "1-0"]
[ICCResult "Black resigns"]
[WhiteElo "1876"]
[BlackElo "1890"]
[Opening "Sicilian: Najdorf, Byrne (English) attack"]
[ECO "B90"]
[NIC "SI.14"]
[Time "16:33:23"]
[PlyCount "77"]
[TimeControl "4500+10"]

1. e4 c5 2. Nf3 d6 3. d4 cxd4 4. Nxd4 Nf6 5. Nc3 a6 6. Be3 e5 7. Nb3 Be6 8.
f3 Be7 9. Qd2 O-O 10. O-O-O Nbd7 11. g4 b5 12. Kb1 b4 13. Ne2 a5 14. Ng3 a4
15. Nc1 b3 16. cxb3 axb3 17. a3 Qb8 18. g5 Ne8 19. Nf5 Bxf5 20. exf5 Nb6
21. f6 Bd8 22. h4 Na4 23. h5 Ba5 24. Qd3 Nc3+ 25. bxc3 b2 26. Na2 Qb3 27.
c4 Bc3 28. Qxc3 Qxd1+ 29. Kxb2 Qxf3 30. Rg1 Nc7 31. Bd3 e4 32. Bc2 d5 33.
g6 Qxh5 34. gxh7+ Kxh7 35. Rxg7+ Kh8 36. Rg5 Qh2 37. Bf4 Qh4 38. Qe5 Rab8+
39. Nb4 { Black resigns } 1-0

[Event "ICC tourney 2332 (75 10)"]
[Site "Internet Chess Club"]
[Date "2021.01.24"]
[Round "5"]
[White "imranchamp"]
[Black "kevinsun"]
[Result "1/2-1/2"]
[ICCResult "Game drawn by repetition"]
[WhiteElo "1826"]
[BlackElo "1213"]
[Opening "Sicilian: Grand Prix attack, Schofman variation"]
[ECO "B23"]
[NIC "SI.44"]
[Time "16:33:03"]
[PlyCount "81"]
[TimeControl "4500+10"]

1. e4 c5 2. Nc3 Nc6 3. f4 g6 4. Nf3 Bg7 5. Bc4 e6 6. f5 Nge7 7. fxe6 fxe6
8. d3 O-O 9. O-O d5 10. Bb3 a6 11. Qe1 b5 12. a3 Nd4 13. Nxd4 Bxd4+ 14. Kh1
Bg7 15. exd5 Nxd5 16. Rxf8+ Bxf8 17. Ne4 Qb6 18. h3 Bg7 19. Ng5 Bd7 20. Nf3
Qd6 21. Rb1 Rf8 22. Bg5 e5 23. Nd2 Be6 24. Ne4 Qc6 25. Qg1 c4 26. Ba2 cxd3
27. cxd3 Nf4 28. Rc1 Qe8 29. Bxe6+ Qxe6 30. Bxf4 exf4 31. Rc7 f3 32. Rc2
fxg2+ 33. Qxg2 Rd8 34. Rd2 Bh6 35. Rd1 Qb3 36. Qe2 Qe6 37. Qg2 Qb3 38. Qe2
Bg7 39. Rd2 Qe6 40. Qg2 Bh6 41. Rd1 { Game drawn by repetition } 1/2-1/2

[Event "ICC tourney 2332 (75 10)"]
[Site "Internet Chess Club"]
[Date "2021.01.24"]
[Round "5"]
[White "adwaysane"]
[Black "kasraei"]
[Result "1-0"]
[ICCResult "Black resigns"]
[WhiteElo "1673"]
[BlackElo "1064"]
[Opening "Queen's pawn, Mason variation"]
[ECO "D00"]
[NIC "QP.08"]
[Time "16:33:01"]
[PlyCount "107"]
[TimeControl "4500+10"]

1. d4 d5 2. Bf4 Bf5 3. e3 Nf6 4. Nf3 e6 5. c3 Bd6 6. Ne5 O-O 7. Bd3 Bxd3 8.
Qxd3 c5 9. Bg5 Qb6 10. Qc2 Nbd7 11. Nxd7 Nxd7 12. Nd2 cxd4 13. exd4 f6 14.
Bh4 e5 15. dxe5 Nxe5 16. O-O Rac8 17. Qb3 Qxb3 18. Nxb3 Rfe8 19. Bg3 Bc5
20. Bxe5 Rxe5 21. Rfe1 Bb6 22. Rxe5 fxe5 23. Rd1 Rf8 24. Rd2 e4 25. Nd4 Rf6
26. g3 Kf7 27. Kg2 Ke7 28. Nc2 a5 29. Ne3 Bxe3 30. fxe3 Ke6 31. Rf2 Kd6 32.
Rxf6+ gxf6 33. Kf2 Kc5 34. Ke2 Kc4 35. Kd2 a4 36. g4 Kc5 37. Kc2 Kd6 38. b3
Ke5 39. c4 d4 40. exd4+ Kxd4 41. Kd2 a3 42. h3 b5 43. cxb5 Kc5 44. Ke3 Kxb5
45. Kxe4 Kb4 46. Kd3 Kb5 47. Kc3 Ka5 48. b4+ Ka4 49. Kc4 h6 50. Kc5 f5 51.
gxf5 h5 52. b5 h4 53. f6 Ka5 54. f7 { Black resigns } 1-0

[Event "ICC tourney 2332 (75 10)"]
[Site "Internet Chess Club"]
[Date "2021.01.24"]
[Round "5"]
[White "Mitochondria"]
[Black "arjunchesszero"]
[Result "1/2-1/2"]
[ICCResult "Game drawn by mutual agreement"]
[WhiteElo "1575"]
[BlackElo "1148"]
[Opening "King's Indian: 5.Nf3"]
[ECO "E90"]
[NIC "KI.22"]
[Time "16:33:04"]
[PlyCount "143"]
[TimeControl "4500+10"]

1. d4 Nf6 2. c4 g6 3. Nc3 Bg7 4. e4 d6 5. Nf3 c5 6. dxc5 Qa5 7. cxd6 Nxe4
8. Qa4+ Qxa4 9. Nxa4 Nxd6 10. Be2 Be6 11. Nd2 Nd7 12. c5 Nf5 13. O-O Nd4
14. Bd3 Rc8 15. Ne4 f5 16. Ng5 h6 17. Nxe6 Nxe6 18. Rb1 Nexc5 19. Nxc5 Nxc5
20. Bb5+ Kf7 21. Be3 a6 22. Bc4+ e6 23. Rfc1 Na4 24. Bb3 Nxb2 25. h3 Nd3
26. Rd1 Rhd8 27. g3 Ne5 28. Kf1 Nf3 29. Rxd8 Rxd8 30. Rc1 Rd7 31. Bb6 Nd2+
32. Kg2 Nxb3 33. axb3 e5 34. Rc4 Bf8 35. h4 Ke6 36. Rc8 Kf7 37. Rc4 Rd5 38.
Rc7+ Kf6 39. Rc8 Be7 40. Rc7 Rb5 41. Be3 g5 42. hxg5+ hxg5 43. b4 Rxb4 44.
Rxe7 Kxe7 45. Bc5+ Kd7 46. Bxb4 b6 47. Bd2 g4 48. Kf1 Kc6 49. Ke1 Kd5 50.
Ke2 e4 51. Ke3 b5 52. Kf4 Kc4 53. Kxf5 a5 54. Kxe4 b4 55. Kf4 a4 56. Kxg4
b3 57. Bc1 Kb4 58. f4 a3 59. f5 b2 60. Bd2+ Kb3 61. f6 b1=Q 62. f7 Qf1 63.
Bf4 Qd1+ 64. Kg5 Qd8+ 65. Kg6 Qf8 66. Bh6 Qd6+ 67. Kg7 Qxg3+ 68. Kh7 Qd3+
69. Kh8 Qd8+ 70. f8=Q Qxf8+ 71. Bxf8 a2 72. Bg7 { Game drawn by mutual
agreement } 1/2-1/2

[Event "ICC tourney 2332 (75 10)"]
[Site "Internet Chess Club"]
[Date "2021.01.24"]
[Round "5"]
[White "chessp1234"]
[Black "Laine23"]
[Result "0-1"]
[ICCResult "White resigns"]
[WhiteElo "1784"]
[BlackElo "1645"]
[Opening "Sicilian: Kan variation"]
[ECO "B41"]
[NIC "SI.41"]
[Time "16:33:08"]
[PlyCount "150"]
[TimeControl "4500+10"]

1. e4 c5 2. Nf3 e6 3. d4 cxd4 4. Nxd4 a6 5. g3 Nf6 6. Bg2 Qc7 7. O-O Be7 8.
Nc3 O-O 9. Be3 d6 10. a4 Nc6 11. f4 Bd7 12. Qe2 Na5 13. Rad1 Nc4 14. Bc1
Rac8 15. b3 Nb6 16. Bb2 e5 17. Nf5 Bxf5 18. exf5 exf4 19. Rxf4 Rfe8 20. Qd3
Red8 21. Rd2 d5 22. Re2 Bc5+ 23. Kh1 d4 24. Ne4 Nxe4 25. Bxe4 Nd5 26. Bxd5
Rxd5 27. Rfe4 h6 28. Re8+ Rxe8 29. Rxe8+ Kh7 30. f6+ g6 31. Qd2 Rd8 32.
Rxd8 Qxd8 33. Bc1 Qxf6 34. Qxh6+ Kg8 35. Kg2 d3 36. Qf4 Qc3 37. cxd3 b5 38.
axb5 axb5 39. b4 Bxb4 40. Qb8+ Bf8 41. Bh6 Qc6+ 42. Kh3 Qd6 43. Qxd6 Bxd6
44. Bd2 b4 45. Kg4 b3 46. Bc3 Ba3 47. d4 b2 48. Bxb2 Bxb2 49. d5 Kf8 50. h4
Be5 51. Kf3 Ke7 52. g4 Kd6 53. Ke4 Bf6 54. h5 gxh5 55. gxh5 Bg7 56. Kf5
Kxd5 57. h6 Bh8 58. h7 Bg7 59. Kg5 Ke6 60. Kg4 f5+ 61. Kf4 Kf6 62. Kf3 Ke5
63. Ke3 f4+ 64. Kf3 Kf5 65. Kf2 Ke4 66. Ke2 f3+ 67. Kf2 Kf4 68. Kf1 Ke3 69.
Ke1 f2+ 70. Kf1 Bh8 71. Kg2 Ke2 72. Kg3 f1=Q 73. Kg4 Qf6 74. Kh3 Qg5 75.
Kh2 Kf2 { White resigns } 0-1

[Event "ICC tourney 2332 (75 10)"]
[Site "Internet Chess Club"]
[Date "2021.01.24"]
[Round "5"]
[White "jmwgroff"]
[Black "Sricharan07"]
[Result "0-1"]
[ICCResult "White forfeits on time"]
[WhiteElo "1894"]
[BlackElo "1877"]
[Opening "King's Indian: Gligoric-Taimanov system"]
[ECO "E92"]
[NIC "KI.18"]
[Time "16:33:04"]
[PlyCount "172"]
[TimeControl "4500+10"]

1. d4 Nf6 2. c4 g6 3. Nc3 Bg7 4. e4 d6 5. Nf3 O-O 6. Be2 e5 7. Be3 Nc6 8.
d5 Ne7 9. Nd2 Nd7 10. b4 f5 11. f3 f4 12. Bf2 Nf6 13. c5 g5 14. Nc4 Ne8 15.
a4 Ng6 16. a5 Bd7 17. a6 b6 18. c6 Bc8 19. g4 fxg3 20. hxg3 Qf6 21. Be3 Rf7
22. b5 Bf8 23. Qd2 h6 24. O-O-O Rh7 25. Rh2 Rh8 26. Rdh1 Bg7 27. Kc2 Kf7
28. Kb3 Kg8 29. Nb2 Kf7 30. Nd3 Rf8 31. Nd1 Kg8 32. Qc1 Qf7 33. N1f2 Nf6
34. Nb4 Ne7 35. Ka4 Qg6 36. Na2 Qf7 37. Nc3 Ng6 38. Bf1 Rb8 39. Bg2 Ne7 40.
Qd2 Ng6 41. Qd3 Nh7 42. Ne2 Nf6 43. Ka3 Ne8 44. Qc2 Nf6 45. Qd1 Ne8 46. Ka2
Nf6 47. Kb1 Ne8 48. Rf1 Qf6 49. Bc1 Qe7 50. Nd3 Nf6 51. Bb2 g4 52. Bc1 h5
53. Bg5 Qe8 54. Bxf6 Rxf6 55. Ng1 Nf8 56. f4 Ng6 57. f5 Nf8 58. Ne2 Nh7 59.
Rfh1 Rh6 60. Nf2 Nf6 61. Qd3 Qf7 62. Nc3 Kf8 63. Ncd1 Kg8 64. Ne3 Rh8 65.
Qe2 Qf8 66. Bf1 Qf7 67. Ng2 Bh6 68. Nh4 Bg5 69. Ng6 Rh7 70. Qd3 Qe8 71. Be2
Qf7 72. Qc2 Rg7 73. Bxg4 Nxg4 74. Nxg4 Rxg6 75. fxg6 Qxg6 76. Nf2 Be3 77.
Nd1 Bh6 78. Rxh5 Bg7 79. Nc3 Bg4 80. R5h4 Rf8 81. Re1 Rf3 82. Rhh1 Qf6 83.
Nd1 Qg5 84. Rhf1 Bh6 85. Rxf3 Bxf3 86. Ne3 Qxg3 { White forfeits on time }
0-1

[Event "ICC tourney 2332 (75 10)"]
[Site "Internet Chess Club"]
[Date "2021.01.24"]
[Round "6"]
[White "AbleCompany"]
[Black "runtilmorrow1"]
[Result "0-1"]
[ICCResult "White resigns"]
[WhiteElo "1568"]
[BlackElo "1968"]
[Opening "Benkö gambit: main line"]
[ECO "A58"]
[NIC "BI.41"]
[Time "20:01:54"]
[PlyCount "52"]
[TimeControl "4500+10"]

1. d4 Nf6 2. c4 c5 3. d5 b5 4. cxb5 a6 5. bxa6 Bxa6 6. Nc3 g6 7. e4 Bxf1 8.
Kxf1 d6 9. Nf3 Bg7 10. g3 O-O 11. Kg2 Nbd7 12. Qc2 Ng4 13. Nd2 Nb6 14. Nb5
Ra5 15. a4 Qa8 16. Nb3 Rxa4 17. Rxa4 Qxa4 18. Nc3 Qa8 19. f4 c4 20. h3 cxb3
21. Qxb3 Bxc3 22. bxc3 Nf6 23. Qxb6 Nxe4 24. Qd4 Qa2+ 25. Kf3 Nxc3 26. Kg4
Qe2+ { White resigns } 0-1

[Event "ICC tourney 2332 (75 10)"]
[Site "Internet Chess Club"]
[Date "2021.01.24"]
[Round "6"]
[White "dabpacman"]
[Black "michaelxiao"]
[Result "0-1"]
[ICCResult "White resigns"]
[WhiteElo "1479"]
[BlackElo "1336"]
[Opening "French: Tarrasch, open variation"]
[ECO "C07"]
[NIC "FR.18"]
[Time "20:02:17"]
[PlyCount "54"]
[TimeControl "4500+10"]

1. e4 e6 2. d4 d5 3. Nd2 c5 4. Bb5+ Nc6 5. exd5 exd5 6. dxc5 Bxc5 7. Ne2
Nf6 8. b3 a6 9. Bxc6+ bxc6 10. Bb2 Bg4 11. h3 Bh5 12. g4 Bg6 13. Ng3 O-O
14. O-O Qd6 15. Kh2 Ne4 16. Nxe4 Bxe4 17. f4 f5 18. g5 Be3 19. Be5 Qg6 20.
Qe2 Bc5 21. Rad1 Rad8 22. h4 h6 23. h5 Qe6 24. gxh6 Qxh6 25. Nxe4 fxe4 26.
c4 Rf5 27. Bxg7 Rxh5+ { White resigns } 0-1